Selects Airborne Battlegroup
Selects Heavy Machine Gun Paradrop
Heavy Machine Gun Paradrop
Construct Weapon Support Center
Mechanized Support Center
Selects Paratrooper Squad Paradrop
Heavy Machine Gun Paradrop
M3 75 mm Gun Motor Carriage
Paratrooper Squad Paradrop
Paratrooper Squad Paradrop
M4(105) Sherman Bulldozer
Selects Carpet Bombing Run
Heavy Machine Gun Paradrop
M4A1(76) Sherman Medium Tank
Paratrooper Squad Paradrop
Selects Anti-tank Gun Team Paradrop
Paratrooper Squad Paradrop